 Dungeon Crawl Stone Soup version 0.19.0-2-gae57169 (webtiles) character file.

37450 PhynixH2O the Warrior (level 13, -3/198 HPs)
             Began as a Minotaur Berserker on Nov 2, 2016.
             Was a High Priest of Trog.
             Slain by a cyan ugly thing (16 damage)
             ... on level 15 of the Dungeon.
             The game lasted 00:57:27 (12656 turns).

PhynixH2O the Warrior (Minotaur Berserker)         Turns: 12656, Time: 00:57:29

Health: -3/198     AC: 26    Str: 39    XL:     13   Next: 58%
Magic:  3/3        EV: 10    Int:  4    God:    Trog [*****.]
Gold:   744        SH:  0    Dex: 12    Spells: 0 memorised, 12 levels left

rFire  . . .     SeeInvis .     z - +8 great mace (antimagic)
rCold  + + .     Gourm    .     E - +3 plate armour {rC+}
rNeg   . . .     Faith    .     (shield currently unavailable)
rPois  +         Spirit   .     (helmet restricted)
rElec  .         Reflect  .     g - +2 cloak
rCorr  +         Harm     .     (no gloves)
MR     .....     Clarity  +     r - +0 pair of boots
Stlth  ..........               C - amulet "Hilad" {RegenMP rPois rC+ Stlth+}
                                G - +5 ring of strength
                                l - ring of resist corrosion

@: berserking (expiring), very quick
A: retaliatory headbutt, horns 2, agile 1, clarity, low mp 1, strong 1
a: Berserk, Trog's Hand, Brothers in Arms, Burn Spellbooks, Renounce Religion


You were on level 15 of the Dungeon.
You worshipped Trog.
Trog was extremely pleased with you.
You were very hungry.

You visited 1 branch of the dungeon, and saw 15 of its levels.

You collected 942 gold pieces.
You spent 198 gold pieces at shops.

Inventory:

Hand Weapons
 o - a +4 flail of protection
 z - a +8 antimagic great mace (weapon)
Armour
 a - a +1 ring mail of poison resistance
 g - a +2 cloak (worn)
 h - a +3 ring mail
 r - a +0 pair of boots (worn)
 v - a +0 large shield
 E - a +3 plate armour of cold resistance (worn)
 H - a +0 troll leather armour {Snorg}
 J - +0 mottled dragon scales
Jewellery
 l - a ring of resist corrosion (left hand)
 C - the amulet "Hilad" (around neck) {RegenMP rPois rC+ Stlth+}
   (You found it on level 12 of the Dungeon)

   [amulet of magic regeneration]

   It increases your magic regeneration.
   It protects you from cold.
   It protects you from poison.
   It makes you more stealthy.
 D - an uncursed ring of protection from cold
 G - a +5 ring of strength (right hand)
Wands
 e - a wand of heal wounds (8/9)
 q - a wand of hasting (2/9)
 u - a wand of slowing (23/48)
 I - a wand of disintegration (16/24)
 L - a wand of heal wounds (3/9)
Scrolls
 i - 2 scrolls of fog
 s - 4 scrolls of identify
 t - 6 scrolls of teleportation
 w - 2 scrolls of recharging
 y - a scroll of blinking
 B - 5 scrolls of remove curse
 F - 3 scrolls of magic mapping
Potions
 f - 2 potions of haste
 k - 9 potions of curing
 m - a potion of agility
 n - a potion of flight
 p - 3 potions of might
 K - a potion of cancellation {unknown}
Comestibles
 b - 2 slices of pizza
 c - 11 bread rations
 d - 7 meat rations
 j - 13 fruits
 x - a royal jelly
 A - 5 beef jerkies
 M - 4 chunks of flesh


   Skills:
 - Level 17.2 Fighting
 * Level 13.0 Maces & Flails
 + Level 16.7 Armour
 - Level 2.1 Dodging


You had 12 spell levels left.
You didn't know any spells.

Dungeon Overview and Level Annotations

Branches:
Dungeon (15/15)            Temple (0/1) D:5            Lair (0/6) D:10
    Orc (0/2) D:12         Vaults (0/5) D:14
 Depths: D:15

Altars:
Ashenzari
Dithmenos
Fedhas
Gozag
Hepliaklqana
Kikubaaqudgha
Sif Muna
Trog
Uskayaw
Vehumet
Xom
The Shining One

Shops:
D:13 }*=

Portals:
Trove: D:10 (give 6 potions of haste)

Annotations:
D:12 exclusion: 3 oklob plants


Innate Abilities, Weirdness & Mutations

You reflexively headbutt those who attack you in melee.
You have a pair of horns on your head.
You are agile. (Dex +2)
You possess an exceptional clarity of mind.
Your magical capacity is low. (-10% MP)
Your muscles are strong. (Str +2)


Message History

The red ugly thing is almost dead.
The red ugly thing kicks you.
* * * LOW HITPOINT WARNING * * *
You are engulfed in flames!
* * * LOW HITPOINT WARNING * * *
You bludgeon the red ugly thing!!
You kill the red ugly thing!
Trog accepts your kill.
You closely miss the cyan ugly thing.
Your headbutt misses the cyan ugly thing.
The cyan ugly thing is almost dead.
The cyan ugly thing punches you but does no damage.
You bludgeon the cyan ugly thing!!
You kill the cyan ugly thing!
Trog accepts your kill.
Your Maces & Flails skill increases to level 13!
The cyan ugly thing gores you!
* * * LOW HITPOINT WARNING * * *
The cyan ugly thing shocks you!
You die...

#####.....#######.....##
#.....#.....#.....#.
########.....#.....'.....#.
#.....[......#.....#.....#.
#............#.....+.....#'
#####........#.....#(......
#........#######.......
##......u...............
#......@.....###########
#..######....# # #..#
#....# # #..# #††### #
#<.#....'..# #..#....#..#
#..######..# ........#
........#


You could see a cyan ugly thing.

Vanquished Creatures
  Snorg (D:12)
  Josephine (D:15)
  A fire dragon (D:15)
  2 centaur warriors (D:15)
  2 ogre magi
  Nergalle (D:12)
  2 tengu warriors
  3 hill giants
  An orc knight (D:8)
  15 ugly things
  A cyclops (D:14)
  4 centaur zombies
  An elephant (D:10)
  4 centaur skeletons
  6 trolls
  A hornet (D:14)
  A jumping spider (shapeshifter) (D:15)
  6 two-headed ogres
  A meliai zombie (D:13)
  9 slime creatures
  4 hippogriffs
  2 shadows
  A spriggan (D:7)
  A vampire (D:13)
  16 yaks
  A basilisk (D:13)
  5 wraiths
  A hungry ghost (D:14)
  2 vampire mosquitoes (D:15)
  14 wargs (D:8)
  2 mottled dragons
  A soldier ant (D:13)
  2 water moccasins
  2 ice beasts
  2 hornet zombies
  5 sky beasts
  2 eyes of draining
  11 orc warriors
  The ghost of Quirk the Covered, an amateur MiFi (D:4)
  4 black bears
  11 ogres
  5 centaurs
  2 crocodiles
  A crocodile (shapeshifter) (D:15)
  2 big kobolds
  8 bullfrogs
  6 gnoll sergeants
  A wyvern zombie (D:14)
  4 scorpions
  18 wights
  4 howler monkeys
  A bullfrog zombie (D:12)
  6 crimson imps
  A quasit (D:8)
  6 hounds
  3 jellies
  2 bullfrog skeletons
  Crazy Yiuf (D:7)
  5 orc priests
  7 orc wizards
  6 iguanas
  12 worker ants
  A worker ant zombie (D:5)
  12 gnolls
  14 adders
  2 shadow imps
  3 oozes
  An adder skeleton (D:4)
  An adder zombie (D:7)
  2 worms
  A dart slug (D:1)
  4 leopard geckos
  64 orcs
  3 giant cockroaches
  9 goblins
  3 hobgoblins
  9 jackals
  4 quokkas
  A ball python (D:3)
  2 bats
  3 frilled lizards
  16 kobolds
  A quokka skeleton (D:9)
  7 rats
417 creatures vanquished.

Vanquished Creatures (others)
  A howler monkey zombie (D:8)
  An adder (D:8)
  An adder skeleton (D:8)
3 creatures vanquished.

Grand Total: 420 creatures vanquished

Notes
Turn   | Place    | Note
-------+----------+-------------------------------------------
     0 | D:1      | PhynixH2O the Minotaur Berserker began the quest for the Orb.
     0 | D:1      | Reached XP level 1. HP: 19/19 MP: 0/0
   100 | D:1      | Reached XP level 2. HP: 26/26 MP: 1/1
   464 | D:1      | Reached skill level 5 in Maces & Flails
   668 | D:1      | Reached XP level 3. HP: 31/31 MP: 2/2
   789 | D:2      | Reached ** piety under Trog
  1194 | D:2      | Found a hazy altar of Hepliaklqana.
  1196 | D:2      | Noticed a dagger
  1211 | D:2      | Noticed a hand axe
  1214 | D:2      | Found a hide-covered altar of Uskayaw.
  1550 | D:3      | Reached XP level 4. HP: 31/39 MP: 3/3
  1834 | D:3      | Reached skill level 4 in Fighting
  2026 | D:4      | Reached skill level 5 in Fighting
  2026 | D:4      | Reached XP level 5. HP: 48/48 MP: 4/4
  2067 | D:4      | Noticed Quirk's ghost (amateur MiFi)
  2077 | D:4      | Killed Quirk's ghost
  2077 | D:4      | Reached skill level 6 in Fighting
  2192 | D:4      | Found a glowing golden altar of the Shining One.
  2192 | D:4      | Found an opulent altar of Gozag.
  2241 | D:4      | Reached XP level 6. HP: 58/58 MP: 5/5
  2679 | D:5      | Entered Level 5 of the Dungeon
  2691 | D:5      | Found a blossoming altar of Fedhas.
  2750 | D:5      | Found a staircase to the Ecumenical Temple.
  2953 | D:5      | Found a radiant altar of Vehumet.
  3043 | D:5      | Reached skill level 5 in Armour
  3395 | D:6      | Reached XP level 7. HP: 59/64 MP: 6/6
  3433 | D:6      | Reached *** piety under Trog
  3550 | D:6      | Found a shattered altar of Ashenzari.
  3626 | D:6      | Found a bloodstained altar of Trog.
  3700 | D:6      | Reached XP level 8. HP: 53/71 MP: 7/7
  3801 | D:6      | Found an ancient bone altar of Kikubaaqudgha.
  4391 | D:7      | Found a runed door.
  4397 | D:7      | Noticed Crazy Yiuf
  4400 | D:7      | Killed Crazy Yiuf
  4540 | D:7      | Reached skill level 10 in Maces & Flails
  4540 | D:7      | Reached XP level 9. HP: 62/78 MP: 8/8
  4551 | D:7      | Gained mutation: Your magical capacity is low. (-10% MP) [mutagenic meat]
  4556 | D:7      | Gained mutation: You are agile. (Dex +2) [mutagenic meat]
  4557 | D:7      | Gained mutation: You possess an exceptional clarity of mind. [mutagenic meat]
  4827 | D:7      | Reached **** piety under Trog
  4995 | D:7      | Gained mutation: Your muscles are strong. (Str +2) [potion of mutation]
  5090 | D:8      | Reached skill level 7 in Fighting
  5123 | D:8      | Reached skill level 8 in Fighting
  5130 | D:8      | Reached skill level 9 in Fighting
  5151 | D:8      | Found a shadowy altar of Dithmenos.
  5314 | D:8      | Noticed an orc knight
  5341 | D:8      | Killed an orc knight
  5341 | D:8      | Reached skill level 10 in Fighting
  5346 | D:8      | Reached skill level 11 in Fighting
  5355 | D:8      | Reached XP level 10. HP: 76/96 MP: 8/8
  5596 | D:8      | Noticed a centaur warrior
  5849 | D:8      | Found a shimmering altar of Xom.
  6039 | D:8      | Reached skill level 10 in Armour
  6042 | D:8      | Reached ***** piety under Trog
  6742 | D:8      | Upgraded the game from 0.19.0 to 0.19.0-2-gae57169
  6869 | D:9      | Reached skill level 12 in Fighting
  6890 | D:9      | Received a gift from Trog
  6916 | D:9      | Reached skill level 13 in Fighting
  7116 | D:9      | Found a deep blue altar of Sif Muna.
  7640 | D:10     | Entered Level 10 of the Dungeon
  7654 | D:10     | Reached XP level 11. HP: 108/108 MP: 8/8
  7808 | D:10     | Found a portal to a secret trove of treasure.
  7855 | D:10     | Received a gift from Trog
  7872 | D:10     | Reached skill level 14 in Fighting
  7898 | D:10     | Noticed a hill giant
  7926 | D:10     | Killed a hill giant
  7956 | D:10     | Found a staircase to the Lair.
  8120 | D:10     | You fall through a shaft!
  8338 | D:11     | Noticed a white ugly thing
  8342 | D:11     | Killed a white ugly thing
  8522 | D:11     | Noticed a red ugly thing
  8529 | D:11     | Killed a red ugly thing
  8741 | D:11     | Noticed a cyan ugly thing
  8747 | D:11     | Killed a cyan ugly thing
  9052 | D:10     | Noticed a hill giant
  9065 | D:10     | Killed a hill giant
  9487 | D:12     | Noticed an oklob plant
  9516 | D:12     | Noticed a cyan ugly thing
  9524 | D:12     | Killed a cyan ugly thing
  9551 | D:12     | Noticed a white ugly thing
  9563 | D:12     | Killed a white ugly thing
  9643 | D:12     | Noticed an oklob plant
  9764 | D:12     | Got an ancient zirconium amulet
  9765 | D:12     | Identified the amulet "Hilad" {RegenMP rPois rC+ Stlth+} (You found it on level 12 of the Dungeon)
  9817 | D:12     | Noticed Snorg
  9826 | D:12     | Killed Snorg
  9858 | D:12     | Noticed Nergalle
  9873 | D:12     | Reached XP level 12. HP: 118/118 MP: 9/9
  9879 | D:12     | Killed Nergalle
  9879 | D:12     | Reached skill level 15 in Armour
  9985 | D:12     | Got a crystal flail
 10046 | D:12     | Found a staircase to the Orcish Mines.
 10363 | D:12     | Received a gift from Trog
 10560 | D:13     | Found Licewe's General Store.
 10603 | D:13     | Bought a fruit for 18 gold pieces
 10603 | D:13     | Bought 2 scrolls of enchant armour for 180 gold pieces
 10607 | D:13     | Found Mukes's Jewellery Shoppe.
 10617 | D:13     | Reached skill level 15 in Fighting
 10841 | D:13     | Found a shattered altar of Ashenzari.
 10884 | D:13     | Found Ficer's Gadget Shoppe.
 11015 | D:13     | Noticed a tengu warrior
 11022 | D:13     | Killed a tengu warrior
 11167 | D:14     | Noticed an ogre mage
 11190 | D:14     | Killed an ogre mage
 11190 | D:14     | Reached skill level 16 in Fighting
 11224 | D:14     | Found a gate to the Vaults.
 11383 | D:14     | Received a gift from Trog
 11794 | D:15     | Entered Level 15 of the Dungeon
 11861 | D:15     | Got a jewelled scale mail
 11863 | D:15     | Identified the cursed +0 scale mail of Gueqa {Int+2} (You found it on level 15 of the Dungeon)
 11879 | D:15     | Noticed Josephine
 11886 | D:15     | Killed Josephine
 11886 | D:15     | Reached skill level 17 in Fighting
 11886 | D:15     | Reached XP level 13. HP: 132/132 MP: 3/10
 12030 | D:15     | Noticed a fire dragon
 12045 | D:15     | Killed a fire dragon
 12656 | D:15     | Slain by a cyan ugly thing

Skill      XL: |  1  2  3  4  5  6  7  8  9 10 11 12 13 |
---------------+----------------------------------------+-----
Maces & Flails | 4 5 6 10 13 | 13.0
Fighting       | 5 6 11 13 14 17 | 17.2
Armour         | 5 8 9 11 14 16 | 16.7
Dodging        | |  2.1

Action                   |  1- 3 |  4- 6 |  7- 9 | 10-12 | 13-15 || total
-------------------------+-------+-------+-------+-------+-------++-------
Melee: Mace              |    72 |    24 |       |       |       ||    96
       Headbutt          |    11 |    11 |    41 |   176 |    27 ||   266
       Flail             |       |    58 |   221 |   481 |       ||   760
       Great mace        |       |       |       |   102 |   105 ||   207
Invok: Berserk           |     1 |     3 |     7 |    22 |     3 ||    36
       Trog's Hand       |       |       |     1 |     1 |       ||     2
       Burn Spellbooks   |       |       |       |     2 |       ||     2
  Use: Scroll            |     3 |     4 |     6 |    14 |       ||    27
       Potion            |       |       |    10 |     3 |       ||    13
  Eat: Chunk             |     3 |     9 |    10 |    38 |     2 ||    62
       Bread ration      |       |       |     1 |     2 |       ||     3
Armor: Ring mail         |    17 |    15 |    97 |    85 |       ||   214
       Plate armour      |       |       |       |   270 |    71 ||   341
Dodge: Dodged            |    31 |    54 |   101 |   270 |    46 ||   502
